[Event "Early-Titled-Tuesday-Blitz-October-24-2023"]
[Site "Chess.com"]
[Date "2023.10.24"]
[Round "4"]
[White "twitchTriniCupid"]
[Black "Barmen_EV"]
[Result "1-0"]
[WhiteElo "2327"]
[BlackElo "2494"]
[TimeControl "180+1"]
[EndTime "8:36:11 PDT"]
[Termination "twitchTriniCupid won by checkmate"]

1. d4 Nf6 2. Nf3 e6 3. Bf4 d5 4. e3 Bd6 5. c3 O-O 6. Nbd2 c5 7. Bd3 Qc7 8. Bg5 Nbd7 9. O-O h6 10. Bh4 g5 11. Bg3 e5 12. Nxe5 Nxe5 13. dxe5 Bxe5 14. f4 Bd6 15. fxg5 Bxg3 16. Rxf6 Bxh2+ 17. Kh1 Be5 18.
Qh5 Bxf6 19. Qxh6 Rd8 20. Bh7+ Kh8 21. Bg6+ Kg8 22. Bh7+ Kh8 23. gxf6 Qf4 24. Qg7# 1-0

[Event "Early-Titled-Tuesday-Blitz-October-24-2023"]
[Site "Chess.com"]
[Date "2023.10.24"]
[Round "4"]
[White "viktorgen2021"]
[Black "dianamirza"]
[Result "1-0"]
[WhiteElo "2428"]
[BlackElo "2020"]
[TimeControl "180+1"]
[EndTime "8:36:11 PDT"]
[Termination "viktorgen2021 won by resignation"]

1. d4 Nf6 2. Nf3 g6 3. g3 Bg7 4. Bg2 d6 5. O-O O-O 6. a4 Nbd7 7. Nc3 e5 8. e4 Ne8 9. dxe5 dxe5 10. Be3 f5 11. Ng5 Rf6 12. exf5 gxf5 13. Bd5+ Kh8 14.
Qh5 h6 15. Nf7+ Rxf7 16. Bxh6 Ndf6 17. Bxg7+ Kxg7 18. Qxf7+ Kh8 19. Rad1 Nxd5 20. Rxd5 Nd6 21. Qh5+ Kg7 22. Rxe5 Qf6 23. Rfe1 Nf7 24. Re7 f4 25. Nd5 1-0

[Event "Early-Titled-Tuesday-Blitz-October-24-2023"]
[Site "Chess.com"]
[Date "2023.10.24"]
[Round "4"]
[White "DarZay"]
[Black "Hooded_Old_Man"]
[Result "1-0"]
[WhiteElo "2244"]
[BlackElo "2354"]
[TimeControl "180+1"]
[EndTime "8:36:11 PDT"]
[Termination "DarZay won by resignation"]

1. e4 c5 2. Nf3 d6 3. d4 cxd4 4. Nxd4 Nf6 5. Nc3 a6 6. Be2 e5 7. Nb3 Be7 8. Be3 Be6 9. a4 Nbd7 10. a5 Qc7 11. f3 h5 12. O-O O-O 13. Qd2 Qc6 14. Rad1 Rfd8 15. Nd5 Bxd5 16. exd5 Qc7 17. c4 h4 18. f4 Ne4 19. Qb4 exf4 20. Bxf4 Ndc5 21.
Nxc5 Qxc5+ 22. Qxc5 Nxc5 23. b4 Ne4 24. Rd3 Bf6 25.
Rc1 Rac8 26. Bg4 Rc7 27. c5 g5 28. Bf5 Nxc5 29. Rxc5 Rxc5 30. bxc5 gxf4 31. c6 bxc6 32. dxc6 1-0

[Event "Early-Titled-Tuesday-Blitz-October-24-2023"]
[Site "Chess.com"]
[Date "2023.10.24"]
[Round "4"]
[White "sebastianmarinp"]
[Black "IsaqueGoncalvesSanto"]
[Result "1-0"]
[WhiteElo "2415"]
[BlackElo "1823"]
[TimeControl "180+1"]
[EndTime "8:36:12 PDT"]
[Termination "sebastianmarinp won by checkmate"]

1. d4 d5 2. c4 c6 3. Nc3 e6 4. Nf3 dxc4 5. e4 b5 6. a4 Bb4 7. Bd2 Nf6 8. e5 Bxc3 9. Bxc3 Nd5 10. g3 Bb7 11. Bg2 Nd7 12. O-O b4 13. Bd2 a5 14.
Ng5 h6 15. Ne4 O-O 16. Qh5 f5 17. Nd6 Ba6 18. Bxh6 gxh6 19. Qg6+ Kh8 20. Qxh6+ Kg8 21. Qxe6+ Kh8 22. Qh6+ Kg8 23. Qg6+ Kh8 24. e6 N7b6 25. Qh6+ Kg8 26. Qg6+ Kh8 27. Nxf5 Qf6 28. Qh5+ Kg8 29. Be4 Qxe6 30. Qg5+ Kh8 31. Qg7# 1-0

[Event "Early-Titled-Tuesday-Blitz-October-24-2023"]
[Site "Chess.com"]
[Date "2023.10.24"]
[Round "4"]
[White "tetrix83"]
[Black "leandrojimenez"]
[Result "1-0"]
[WhiteElo "2635"]
[BlackElo "2431"]
[TimeControl "180+1"]
[EndTime "8:36:17 PDT"]
[Termination "tetrix83 won by resignation"]

1. e4 e5 2. Nf3 Nc6 3. Bb5 a6 4. Bxc6 dxc6 5. O-O Bg4 6. h3 h5 7. d3 Qf6 8. Nbd2 Ne7 9. Re1 g5 10. d4 Bxf3 11. Nxf3 g4 12. Nxe5 gxh3 13. Qf3 Qxf3 14. gxf3 f6 15. Nd3 O-O-O 16. Be3 f5 17. Nf4 Bh6 18.
Nxh3 fxe4 19. fxe4 Bxe3 20. fxe3 Rhg8+ 21. Kh2 Rg4 22. Nf2 Rg5 23. Rg1 Rb5 24. Nd3 Kb8 25. a4 Rb6 26. Rg7 Nc8 27. Rf1 Nd6 28. e5 Nc4 29. e6 Nxe3 30. Rff7 Ng4+ 31. Kg3 c5 32. e7 Re8 33.
Nxc5 Ka7 34. Rf8 Rxe7 35. Rxe7 1-0

[Event "Early-Titled-Tuesday-Blitz-October-24-2023"]
[Site "Chess.com"]
[Date "2023.10.24"]
[Round "4"]
[White "MKlose11"]
[Black "Cristi_Coca"]
[Result "1-0"]
[WhiteElo "2629"]
[BlackElo "2396"]
[TimeControl "180+1"]
[EndTime "8:36:18 PDT"]
[Termination "MKlose11 won by resignation"]

1. e4 c5 2. Nc3 e6 3. g3 a6 4. Bg2 Nc6 5. d3 b5 6. f4 d6 7.
Nf3 Bb7 8. O-O Nf6 9. h3 h5 10. e5 dxe5 11. fxe5 Nd5 12. Nxd5 exd5 13. Ng5 Nxe5 14.
Qe2 f6 15. Bf4 Bd6 16. Rae1 Qe7 17. Bxe5 Bxe5 18. Nf3 Kd7 19. Nxe5+ fxe5 20. Qxe5 Qxe5 21. Rxe5 Raf8 22. Rxf8 Rxf8 23. Rxh5 Re8 24. Kf2 Rf8+ 25. Ke2 Re8+ 26. Kd2 Rf8 27. Bxd5 Bxd5 28. Rxd5+ Kc6 29.
Rg5 b4 30. b3 a5 31. Rxg7 a4 32. bxa4 Rf2+ 33. Kc1 Kb6 34. Kb2 1-0

[Event "Early-Titled-Tuesday-Blitz-October-24-2023"]
[Site "Chess.com"]
[Date "2023.10.24"]
[Round "4"]
[White "THE_PLAYER6"]
[Black "eljanov"]
[Result "0-1"]
[WhiteElo "2561"]
[BlackElo "2816"]
[TimeControl "180+1"]
[EndTime "8:36:21 PDT"]
[Termination "eljanov won by resignation"]

1. Nf3 d5 2. c4 d4 3. g3 Nc6 4. Bg2 e5 5. O-O e4 6. Ne1 h5 7.
Bxe4 h4 8. d3 Bh3 9. Bg2 Qd7 10.
Nf3 Nf6 11. Nbd2 Bxg2 12. Kxg2 hxg3 13. fxg3 Qh3+ 14. Kg1 Ng4 15. Rf2 Nxf2 16. Kxf2 O-O-O 17. Ne4 Be7 18. a3 Qe6 19. b4 Ne5 20. Nxe5 Rxh2+ 21. Kf3 Qxe5 22. Bf4 Qh5+ 23. g4 Qh3+ 24. Bg3 f5 25.
gxf5 Qxf5+ 26. Bf4 Rh3+ 27. Kg2 Qxf4 28. Kxh3 Rh8+ 29.
Kg2 Rh2+ 30. Kg1 Bd6 31. Nxd6+ cxd6 32. Qe1 Rh4 33. Qf2 Qg5+ 34. Qg2 Rg4 0-1

[Event "Early-Titled-Tuesday-Blitz-October-24-2023"]
[Site "Chess.com"]
[Date "2023.10.24"]
[Round "4"]
[White "Chessbard1972"]
[Black "hansen"]
[Result "0-1"]
[WhiteElo "2346"]
[BlackElo "2930"]
[TimeControl "180+1"]
[EndTime "8:36:21 PDT"]
[Termination "hansen won by checkmate"]

1. d4 Nf6 2. c4 e6 3. Nf3 Bb4+ 4.
Nbd2 c6 5. a3 Ba5 6. b4 Bc7 7. e4 d5 8. e5 Nfd7 9. cxd5 exd5 10. Bd3 f6 11. exf6 Qxf6 12. O-O O-O 13. Bb2 h6 14. Nb3 Nb6 15. Rc1 Bg4 16. Be2 Bxf3 17.
Bxf3 Qf4 18. Re1 Qxh2+ 19. Kf1 Nc4 20. Rc2 Qh1+ 21. Ke2 Re8+ 22. Kd3 Qxe1 23. Qxe1 Rxe1 24. Nc5 b5 25. Bc1 a5 26. Bg4 axb4 27. axb4 Kf7 28. Bd2 Ra3+ 29. Bc3 Bd6 30. Nb7 Bxb4 31. Nd8+ Kf6 32.
Nb7 Na6 33. Bd7 Bxc3 34. Rxc3 Nb4# 0-1

[Event "Early-Titled-Tuesday-Blitz-October-24-2023"]
[Site "Chess.com"]
[Date "2023.10.24"]
[Round "4"]
[White "WPWPWP-2015"]
[Black "Zurability"]
[Result "0-1"]
[WhiteElo "2555"]
[BlackElo "2798"]
[TimeControl "180+1"]
[EndTime "8:36:22 PDT"]
[Termination "Zurability won by resignation"]

1. e4 e5 2. Nf3 Nc6 3. Bb5 a6 4.
Ba4 Nf6 5. O-O Be7 6. Re1 b5 7. Bb3 d6 8. c3 O-O 9. d4 Bg4 10. a4 Bxf3 11. gxf3 Rb8 12. a5 Nh5 13. f4 Nxf4 14.
Bxf4 exf4 15. Qg4 Bg5 16. Nd2 Kh8 17. Nf3 Bh6 18. Kh1 Ne7 19. e5 Ng6 20. h4 dxe5 21.
dxe5 Qc8 22. e6 fxe6 23. Bxe6 Qb7 24. Bf5 Rxf5 25. Qxf5 Qxf3+ 26. Kg1 Nxh4 27. Qe4 Qg4+ 28. Kf1 Qh3+ 29. Ke2 Rd8 30. Rg1 f3+ 31. Ke1 Ng2+ 32. Kf1 Ne3+ 33. Ke1 Qf1+ 0-1

[Event "Early-Titled-Tuesday-Blitz-October-24-2023"]
[Site "Chess.com"]
[Date "2023.10.24"]
[Round "4"]
[White "K_A_S_T_O_R"]
[Black "ellatambien"]
[Result "1-0"]
[WhiteElo "2881"]
[BlackElo "2617"]
[TimeControl "180+1"]
[EndTime "8:36:25 PDT"]
[Termination "K_A_S_T_O_R won by resignation"]

1. e4 e5 2. Nf3 Nc6 3. Bb5 a6 4. Ba4 Nf6 5. O-O Bc5 6. Bxc6 dxc6 7. d3 Bg4 8. h3 Bh5 9. Be3 Bxe3 10. fxe3 Nd7 11. Qe1 Qe7 12. Qh4 Bg6 13. Qxe7+ Kxe7 14. Nbd2 f6 15. Nh4 a5 16. a4 b5 17. Nb3 Rhb8 18.
Ra3 Bf7 19. Nf5+ Kf8 20. axb5 Bxb3 21. Rxb3 cxb5 22. Ra3 c5 23. Rfa1 a4 24. c4 bxc4 25. dxc4 Rb4 26. b3 Nb6 27. Nd6 Ke7 28. Nf5+ Kf8 29.
Nd6 Ke7 30. Nf5+ Kf7 31. Nd6+ Ke6 32. Nb5 g6 33. Nc7+ Kf7 34. Nxa8 axb3 35. Nxb6 b2 36. Rb1 Rxb6 37. Ra2 1-0

[Event "Early-Titled-Tuesday-Blitz-October-24-2023"]
[Site "Chess.com"]
[Date "2023.10.24"]
[Round "4"]
[White "Keeper0416"]
[Black "rachidhuilda"]
[Result "1-0"]
[WhiteElo "2579"]
[BlackElo "2368"]
[TimeControl "180+1"]
[EndTime "8:36:27 PDT"]
[Termination "Keeper0416 won by resignation"]

1. d4 Nf6 2. c4 c5 3. d5 b5 4.
Qc2 b4 5. e4 d6 6. Nf3 g6 7. h3 Bg7 8. Bd3 O-O 9. O-O e5 10.
a3 Qb6 11. axb4 Qxb4 12. Nc3 Qb6 13. Nb5 a6 14. Bd2 Ne8 15. b4 Nd7 16. Rfb1 Bb7 17. Nxd6 Nxd6 18. bxc5 Qxc5 19. Bb4 Qc7 20. Bxd6 Qxd6 21.
Rxb7 Nc5 22. Rbb1 a5 23. Qc3 a4 24. Bc2 Rfb8 25. Rxb8+ Rxb8 26. Bxa4 Nxe4 27. Qe3 Nc5 28. Bc6 h6 29. Nd2 e4 30. Re1 Nd3 31. Nxe4 Qa3 32. Rd1 Rb3 33. Nd2 Rc3 34. Nb1 Qb3 35. Nxc3 Qxc3 36. Qxd3 1-0

[Event "Early-Titled-Tuesday-Blitz-October-24-2023"]
[Site "Chess.com"]
[Date "2023.10.24"]
[Round "4"]
[White "GHANDEEVAM2003"]
[Black "Tejas_Rama"]
[Result "1-0"]
[WhiteElo "3025"]
[BlackElo "2551"]
[TimeControl "180+1"]
[EndTime "8:36:28 PDT"]
[Termination "GHANDEEVAM2003 won on time"]

1. b3 Nf6 2. Bb2 d5 3. Nf3 c5 4. e3 Nc6 5. Bb5 Qc7 6. O-O e6 7. Bxc6+ Qxc6 8. Ne5 Qc7 9. f4 Bd6 10. d3 Rb8 11. Nd2 b6 12. g4 Bb7 13. g5 Ng8 14. Nec4 f6 15. Nxd6+ Qxd6 16. Qg4 Qe7 17. a4 Kd7 18. a5 b5 19. a6 Bc6 20. b4 cxb4 21.
Bd4 h5 22. Qg3 Ra8 23. Nb3 h4 24. Qg4 f5 25. Qg2 Kc8 26. Qd2 Qd7 27. Qxb4 Ne7 28. Nc5 Qd6 29. Be5 Qd8 30. Nxe6 Qd7 31. Nd4 Rd8 32.
Ra3 1-0

[Event "Early-Titled-Tuesday-Blitz-October-24-2023"]
[Site "Chess.com"]
[Date "2023.10.24"]
[Round "4"]
[White "DanielTitichoca"]
[Black "nihalsarin"]
[Result "0-1"]
[WhiteElo "2635"]
[BlackElo "3118"]
[TimeControl "180+1"]
[EndTime "8:36:30 PDT"]
[Termination "nihalsarin won on time"]

1. e4 a6 2. d4 e6 3. Bd3 d5 4. e5 c5 5. c3 Bd7 6. a4 cxd4 7. cxd4 Nc6 8. Nf3 Nb4 9. Be2 Ne7 10. O-O Nf5 11. Nc3 Be7 12. Kh1 Rc8 13. a5 O-O 14. g4 Nh4 15. Nxh4 Bxh4 16. f4 Be7 17. f5 f6 18. Bf4 Nc6 19. Bd3 Nxd4 20. Rg1 fxe5 21. Bxe5 Nc6 22. Bg3 d4 23. Na4 exf5 24. Nb6 Nb4 25.
Bxf5 Rxf5 26. gxf5 Bc6+ 27. Rg2 Bxg2+ 28. Kxg2 Rc2+ 29.
Kh1 Qe8 30. Qf3 Qc6 31. Qxc6 Nxc6 32. Re1 Rxb2 33. Nc8 Kf7 34. Bd6 Bh4 35. Rd1 Bf6 36. Bc5 Be5 37. Bb6 Rxh2+ 38. Kg1 Rc2 39. Re1 Kf6 0-1

[Event "Early-Titled-Tuesday-Blitz-October-24-2023"]
[Site "Chess.com"]
[Date "2023.10.24"]
[Round "4"]
[White "bardiya_Daneshvar"]
[Black "matenitian"]
[Result "1-0"]
[WhiteElo "2965"]
[BlackElo "2578"]
[TimeControl "180+1"]
[EndTime "8:36:30 PDT"]
[Termination "bardiya_Daneshvar won by resignation"]

1. b3 d5 2. Bb2 Nf6 3. e3 e6 4. Nf3 Be7 5. c4 O-O 6. Nc3 b6 7. cxd5 exd5 8. d4 c5 9. Bd3 Be6 10. O-O Nc6 11. dxc5 bxc5 12. Ne2 Rc8 13. Nf4 Qd6 14.
Rc1 Rfd8 15. Bb1 h6 16. Bxf6 Bxf6 17. Nxe6 fxe6 18. Qc2 Ne7 19. Rfd1 d4 20. Nd2 d3 21. Qc4 Bb2 22. Ne4 Qe5 23. f4 Qf5 24. Bxd3 Bxc1 25. Qxc1 Qh5 26. Ng3 Qd5 27. Bh7+ Kxh7 28. Rxd5 exd5 29.
Qc2+ Kg8 30. f5 Rc6 31. e4 d4 32. Qc4+ Kf8 33. Qd3 c4 34. bxc4 Rc5 35. Ne2 a5 36. Nf4 Kg8 37. Ne6 Rdc8 38. Nxc5 Rxc5 39. Qxd4 1-0

[Event "Early-Titled-Tuesday-Blitz-October-24-2023"]
[Site "Chess.com"]
[Date "2023.10.24"]
[Round "4"]
[White "rikchessmx"]
[Black "kingapolak"]
[Result "0-1"]
[WhiteElo "2277"]
[BlackElo "2138"]
[TimeControl "180+1"]
[EndTime "8:36:31 PDT"]
[Termination "kingapolak won by resignation"]

1. e4 c5 2. Nf3 Nc6 3. d4 cxd4 4. Nxd4 g6 5. Nxc6 bxc6 6. Qd4 Nf6 7. e5 Ng8 8. e6 f6 9. Qc4 Bg7 10. Nc3 dxe6 11. Qxc6+ Bd7 12. Qa6 Nh6 13. Bc4 Qb6 14.
Qa3 Nf5 15. Bd3 O-O 16. O-O Nd6 17. Be3 Qb7 18. Rfd1 Bc6 19. Bf1 Nf5 20. Bc5 Rf7 21.
Rd2 Bh6 22. Rd3 Bf4 23. Rad1 Bd6 24. b3 h5 25. R3d2 h4 26. h3 Rc8 27. Bd4 Bxa3 0-1

[Event "Early-Titled-Tuesday-Blitz-October-24-2023"]
[Site "Chess.com"]
[Date "2023.10.24"]
[Round "4"]
[White "IlyaGrigorjev"]
[Black "Yeremyan_ChessMate"]
[Result "0-1"]
[WhiteElo "2927"]
[BlackElo "2781"]
[TimeControl "180+1"]
[EndTime "8:36:32 PDT"]
[Termination "Yeremyan_ChessMate won by checkmate"]

1. e4 c5 2. Nf3 Nc6 3. b4 e5 4. b5 Nd4 5. Nc3 d6 6. h3 Be6 7. Nd5 Nf6 8. c3 Nxf3+ 9. Qxf3 Bxd5 10. exd5 g6 11. Bc4 Bg7 12. O-O O-O 13. d3 h6 14.
Re1 Nd7 15. a4 f5 16. a5 Kh7 17. Qd1 Qh4 18. Ra2 Rf7 19. Kh2 Raf8 20. g3 Qd8 21. f4 Nf6 22. Kg2 exf4 23. Bxf4 Nh5 24. Qd2 g5 25. Be3 f4 26. gxf4 Nxf4+ 27. Bxf4 Rxf4 28. d4 cxd4 29. cxd4 g4 30. Qd3+ Kh8 31. Re4 gxh3+ 32. Kh2 Rf3 33. Re3 R3f4 34. Re4 Qg5 35. Rxf4 Qxf4+ 36. Kh1 Bxd4 37. Qxh3 Qc1+ 38. Kh2 Qg1# 0-1

[Event "Early-Titled-Tuesday-Blitz-October-24-2023"]
[Site "Chess.com"]
[Date "2023.10.24"]
[Round "4"]
[White "Noki102"]
[Black "RandomNoob04"]
[Result "0-1"]
[WhiteElo "2417"]
[BlackElo "2628"]
[TimeControl "180+1"]
[EndTime "8:36:32 PDT"]
[Termination "RandomNoob04 won by resignation"]

1. d4 Nf6 2. Nc3 d5 3. Bf4 Bf5 4. e3 e6 5. a3 Bd6 6. Bd3 Bg6 7. Nge2 O-O 8. h4 c5 9. Bxg6 hxg6 10. Ng3 Bxf4 11. exf4 cxd4 12. Qxd4 Nc6 13. Qd3 e5 14. fxe5 Nxe5 15. Qd4 Nc6 16. Qd2 Re8+ 17. Kf1 d4 18. Nce2 Qb6 19. h5 Qxb2 20. Rd1 gxh5 21. Nxh5 Nxh5 22. Rxh5 Rad8 23. Nf4 Re5 24. Nd3 Qb5 25.
a4 Qc4 26. Rh4 Rde8 27. Kg1 Re2 28. Qg5 Qxc2 29. Rf1 Qxd3 30. Qh5 Kf8 31. Qh8+ Ke7 32.
Qxg7 Qg6 0-1

[Event "Early-Titled-Tuesday-Blitz-October-24-2023"]
[Site "Chess.com"]
[Date "2023.10.24"]
[Round "4"]
[White "lluiss"]
[Black "ural58"]
[Result "0-1"]
[WhiteElo "2208"]
[BlackElo "2537"]
[TimeControl "180+1"]
[EndTime "8:36:32 PDT"]
[Termination "ural58 won by checkmate"]

1. Nf3 d5 2. d4 Nc6 3. c4 e5 4. cxd5 Qxd5 5. e3 exd4 6. exd4 Bg4 7. Be2 Bb4+ 8. Nc3 Bxf3 9. Bxf3 Qc4 10. Bxc6+ bxc6 11. Qe2+ Qxe2+ 12. Kxe2 Kd7 13. Ne4 Ne7 14.
a3 Bd6 15. Be3 Nd5 16. Rhc1 Rhe8 17. Nc5+ Bxc5 18. Rxc5 Re6 19. Rac1 Rae8 20. Kf1 Rf6 21. Bd2 Re4 22. Ra5 Rxd4 23. Bc3 Nxc3 24. Rxc3 Rd2 25. Rf3 Rxf3 26. gxf3 Rxb2 27. Rxa7 c5 28. Ke1 Kc6 29.
a4 c4 30. a5 Ra2 31. Ra8 c3 32. Kd1 Rxf2 33. a6 Rxh2 34. Rf8 Ra2 35. Rxf7 Rxa6 36. Rxg7 h5 37. Rg6+ Kb5 38. Rg5+ Kc4 39. Rxh5 c5 40. Kc2 Ra2+ 41. Kc1 Rf2 42. Rh3 Kb3 43. f4 Rf1# 0-1

[Event "Early-Titled-Tuesday-Blitz-October-24-2023"]
[Site "Chess.com"]
[Date "2023.10.24"]
[Round "4"]
[White "ExchangeAB"]
[Black "krzyzan94"]
[Result "0-1"]
[WhiteElo "2545"]
[BlackElo "2775"]
[TimeControl "180+1"]
[EndTime "8:36:33 PDT"]
[Termination "krzyzan94 won by resignation"]

1. d4 Nf6 2. Nc3 d5 3. Bf4 e6 4. e3 Bb4 5. Bd3 c5 6. dxc5 Nbd7 7. Ne2 Nxc5 8. O-O O-O 9. a3 Ba5 10. b4 Nxd3 11. cxd3 Bc7 12. Bxc7 Qxc7 13. d4 Bd7 14. Rc1 Qd6 15. h3 Rfc8 16. Qd2 Rc4 17. Nf4 Rac8 18.
Nd3 Qc7 19. Ne2 Ne4 20. Qb2 Bb5 21. Rxc4 dxc4 22. Nc5 c3 23. Qc2 Nd2 24. Re1 b6 25. Nd3 Ne4 26. f3 Ng3 27. Nxg3 Qxg3 28. Ne5 Qxe1+ 0-1

[Event "Early-Titled-Tuesday-Blitz-October-24-2023"]
[Site "Chess.com"]
[Date "2023.10.24"]
[Round "4"]
[White "artin10862"]
[Black "M1711"]
[Result "1-0"]
[WhiteElo "2873"]
[BlackElo "2563"]
[TimeControl "180+1"]
[EndTime "8:36:34 PDT"]
[Termination "artin10862 won by resignation"]

1. e4 e5 2. Nf3 d5 3. Nxe5 Bd6 4. d4 dxe4 5. Bc4 Bxe5 6. Qh5 Qe7 7. dxe5 g6 8. Qe2 Qxe5 9. Nc3 Nf6 10. f3 Nc6 11. fxe4 Bg4 12. Qf2 O-O-O 13. O-O Nxe4 14. Nxe4 Qxe4 15. Bd3 Qe7 16. Qg3 f5 17. h3 Bh5 18.
Bg5 Qc5+ 19. Kh1 Rde8 20. Rae1 Ne5 21. Bf4 Nxd3 22. cxd3 Be2 23. Rc1 Qxc1 24. Rxc1 c6 25. Bb8 Re7 26. Bxa7 Rd8 27. Qb8+ Kd7 28. Qxb7+ Ke8 29.
Qxc6+ Kf7 30. Bc5 Red7 31. Bb6 Rd6 32. Qc3 R8d7 33. Bc5 Rxd3 34. Qc4+ Kf6 35. Qa6+ Kg5 36. Qa8 f4 37. Bf2 f3 38. Qa5+ Kf6 39. Rc6+ Kf7 40. Qe5 fxg2+ 41. Kh2 Rf3 42. Qe6+ Kg7 1-0

[Event "Early-Titled-Tuesday-Blitz-October-24-2023"]
[Site "Chess.com"]
[Date "2023.10.24"]
[Round "4"]
[White "ukchessbomber"]
[Black "ilushka"]
[Result "1-0"]
[WhiteElo "2650"]
[BlackElo "2449"]
[TimeControl "180+1"]
[EndTime "8:36:34 PDT"]
[Termination "ukchessbomber won on time"]

1. h3 e5 2. g3 d5 3. Bg2 Nc6 4. d3 f5 5. Nf3 Nf6 6. a3 Bd6 7.
b3 O-O 8. Bb2 Qe7 9. e3 f4 10.
gxf4 exf4 11. Qe2 fxe3 12. fxe3 Bg3+ 13. Kd2 Bf5 14. Nc3 Rae8 15. Rag1 d4 16. Nxd4 Nxd4 17. exd4 Bf4+ 18. Kd1 Qd6 19. Ne4 Qa6 20. Nxf6+ Qxf6 21. Be4 Qe6 22. Qg2 Bh6 23. Bd5 Bg6 24. c4 Bh5+ 25. Kc2 1-0

[Event "Early-Titled-Tuesday-Blitz-October-24-2023"]
[Site "Chess.com"]
[Date "2023.10.24"]
[Round "4"]
[White "AlexandraSamaganova"]
[Black "rdarruda"]
[Result "0-1"]
[WhiteElo "2333"]
[BlackElo "2515"]
[TimeControl "180+1"]
[EndTime "8:36:34 PDT"]
[Termination "rdarruda won by resignation"]

1. c4 e5 2. Nc3 Nf6 3. Nf3 Nc6 4. a3 d6 5. e3 g6 6. d4 exd4 7. exd4 Bg7 8. d5 Ne5 9. Nxe5 dxe5 10.
Be2 O-O 11. O-O Nd7 12. b4 e4 13. Bb2 f5 14. Qd2 Ne5 15. Nb5 Bd7 16. Nd4 Qh4 17. f4 exf3 18. Bxf3 Nxc4 19. g3 Qf6 20. Qg2 Nxb2 21.
Ne2 Nc4 22. Rfc1 b5 23. Rab1 Rae8 24. d6 cxd6 25. Bd5+ Kh8 26. Bxc4 bxc4 27. Rxc4 Bb5 28. Rc2 Bd3 29. Rbc1 Bxc2 30. Rxc2 Qa1+ 0-1

[Event "Early-Titled-Tuesday-Blitz-October-24-2023"]
[Site "Chess.com"]
[Date "2023.10.24"]
[Round "4"]
[White "rezamahdavi2008"]
[Black "Harry_Rakkel"]
[Result "1-0"]
[WhiteElo "2887"]
[BlackElo "2702"]
[TimeControl "180+1"]
[EndTime "8:36:36 PDT"]
[Termination "rezamahdavi2008 won by resignation"]

1. Nf3 Nf6 2. c4 c6 3. g3 d5 4.
Bg2 dxc4 5. O-O Nbd7 6. Qc2 Nb6 7. Rd1 Be6 8. b3 cxb3 9. axb3 Bd5 10. Nc3 Bxf3 11.
Bxf3 e6 12. d4 Be7 13. e4 O-O 14. Ne2 Bb4 15. Nf4 a5 16. Nd3 Qe7 17. Be3 Nfd7 18. Ra2 Rfc8 19. Rda1 h6 20. h4 c5 21. dxc5 Bxc5 22. Nxc5 Nxc5 23. Rxa5 Rxa5 24. Rxa5 Na6 25.
Qd2 Nd7 26. Rb5 Nf6 27. e5 Nd5 28. Bxd5 exd5 29. Qxd5 Nc7 30. Qxb7 Qd7 31. Rc5 Ra8 32. Rxc7 Ra1+ 33. Kh2 Qd1 34. Qc8+ 1-0

[Event "Early-Titled-Tuesday-Blitz-October-24-2023"]
[Site "Chess.com"]
[Date "2023.10.24"]
[Round "4"]
[White "klimkoj"]
[Black "Tonychess32"]
[Result "1-0"]
[WhiteElo "2758"]
[BlackElo "2532"]
[TimeControl "180+1"]
[EndTime "8:36:36 PDT"]
[Termination "klimkoj won on time"]

1. d4 Nf6 2. Nf3 e6 3. c4 b6 4. a3 Bb7 5. Nc3 Be7 6. Bf4 d6 7. e3 O-O 8. Bd3 Nbd7 9. Bg5 h6 10. Bh4 Re8 11. O-O Nh5 12. Bxe7 Qxe7 13. Re1 Nhf6 14.
e4 e5 15. d5 a5 16. b4 Nf8 17.
Nh4 g6 18. Nf3 N8h7 19. Qd2 Kg7 20. Ne2 Nh5 21. g4 N5f6 22. h3 Rh8 23. Ng3 Nf8 24. Nh4 Qd7 25. f4 exf4 26. Qxf4 Re8 27. Re2 Re5 28.
Nf3 Re8 29. Rf1 N8h7 30. e5 dxe5 31. Nxe5 Qd6 32. h4 Bc8 33. g5 hxg5 34. hxg5 Nxg5 35. Qxg5 Nh5 36. Rxf7+ Kg8 37. Bxg6 1-0

[Event "Early-Titled-Tuesday-Blitz-October-24-2023"]
[Site "Chess.com"]
[Date "2023.10.24"]
[Round "4"]
[White "aranibos"]
[Black "Ind1anStar"]
[Result "0-1"]
[WhiteElo "2288"]
[BlackElo "2498"]
[TimeControl "180+1"]
[EndTime "8:36:39 PDT"]
[Termination "Ind1anStar won by resignation"]

1. d4 Nf6 2. Nf3 e6 3. Bg5 d5 4.
Nbd2 Be7 5. e3 O-O 6. c3 c5 7. Bd3 Nc6 8. Bxf6 Bxf6 9. dxc5 Qe7 10. Nb3 e5 11. e4 dxe4 12. Bxe4 Be6 13. O-O Rad8 14. Qc2 g6 15. Bxc6 bxc6 16. Nfd2 Bg7 17. Ne4 Bc4 18. Rfe1 Bd3 19. Qc1 f5 20. Nd6 e4 21. g3 f4 22. gxf4 Qh4 23. Qe3 Rxf4 24. Nd2 Be5 25. N2xe4 Rxe4 0-1

[Event "Early-Titled-Tuesday-Blitz-October-24-2023"]
[Site "Chess.com"]
[Date "2023.10.24"]
[Round "4"]
[White "Emp3rador"]
[Black "Korchmar_Vasiliy"]
[Result "0-1"]
[WhiteElo "2540"]
[BlackElo "2768"]
[TimeControl "180+1"]
[EndTime "8:36:40 PDT"]
[Termination "Korchmar_Vasiliy won on time"]

1. e4 c5 2. Nf3 d6 3. Bb5+ Bd7 4. Bxd7+ Nxd7 5. Qe2 Ngf6 6. O-O e6 7. c4 Be7 8. b3 Ne5 9. Bb2 Nxf3+ 10. Qxf3 O-O 11. d4 d5 12. cxd5 exd5 13. e5 Ne4 14. Rd1 f6 15.
e6 Qb6 16. Nc3 Qxe6 17. dxc5 Bxc5 18. Rxd5 Bxf2+ 19. Kh1 f5 20. Rad1 Bb6 21. Nxe4 fxe4 22. Qg3 Rf7 23. h3 e3 24. Rg5 g6 25. Rd6 Qe4 26.
Rdxg6+ hxg6 27. Rxg6+ Kf8 28. Qd6+ Qe7 29. Qg3 Ke8 30.
Rg8+ Kd7 31. Rxa8 Rf1+ 32. Kh2 Bc7 0-1

[Event "Early-Titled-Tuesday-Blitz-October-24-2023"]
[Site "Chess.com"]
[Date "2023.10.24"]
[Round "4"]
[White "Cambek64"]
[Black "PenguiinQueen"]
[Result "1-0"]
[WhiteElo "2449"]
[BlackElo "2226"]
[TimeControl "180+1"]
[EndTime "8:36:40 PDT"]
[Termination "Cambek64 won by resignation"]

1. e4 e5 2. Nf3 Nc6 3. Bb5 a6 4. Ba4 Nf6 5. d3 d6 6. O-O g6 7. c3 Bg7 8. Re1 O-O 9. h3 Bd7 10. d4 b5 11. Bc2 exd4 12. cxd4 Nb4 13. Bb3 a5 14. e5 Nfd5 15. Nc3 c6 16. Bg5 Qb8 17. Ne4 dxe5 18. dxe5 a4 19. Bxd5 Nxd5 20. Qd2 Qa7 21. Rac1 Be6 22. a3 Rfc8 23. Bh6 c5 24.
Qg5 Qe7 25. Qxe7 Nxe7 26. Bxg7 Kxg7 27. Nxc5 Bc4 28. Ne4 Bd5 29. Nd6 Rxc1 30. Rxc1 Rb8 31. Rc7 Nc6 32. Nxf7 Bxf3 33. Ng5+ 1-0

[Event "Early-Titled-Tuesday-Blitz-October-24-2023"]
[Site "Chess.com"]
[Date "2023.10.24"]
[Round "4"]
[White "Aleksandar-Topalov"]
[Black "Alexei_Gubajdullin"]
[Result "0-1"]
[WhiteElo "2401"]
[BlackElo "2736"]
[TimeControl "180+1"]
[EndTime "8:36:41 PDT"]
[Termination "Alexei_Gubajdullin won on time"]

1. b3 Nf6 2. Bb2 g6 3. Bxf6 exf6 4. c4 d5 5. cxd5 Qxd5 6. e3 Qa5 7. Nf3 c6 8. Be2 Nd7 9. O-O f5 10. d4 Nf6 11.
Nbd2 Qd8 12. a3 Be7 13. Ne5 O-O 14. b4 a5 15. Qb3 Be6 16. Bc4 Nd5 17. b5 a4 18. Qb2 cxb5 19. Bxb5 Qa5 20. Nec4 Qa7 21. Ne5 Rfc8 22. Rfc1 Rxc1+ 23. Rxc1 Rc8 24. Rxc8+ Bxc8 25. Bc4 Be6 26. g3 Qb6 27. Qc2 Qa5 28. Qb2 Qc3 29.
Qxb7 Nxe3 30. Qxe7 Bxc4 31. Qd8+ Kg7 32. fxe3 Qxe3+ 33. Kg2 Qxd2+ 34. Kh3 Be6 35. g4 fxg4+ 36. Kg3 Qe1+ 37. Kf4 h6 38. Nc6 g5+ 0-1